Description

123321

Replay - Roach Opening

Build Order

Get SALT Encoding   

  12  0:01  Drone  
  13  0:12  Overlord  
  13  0:19  Drone  
  14  0:30  Drone x3  
  17  0:52  Hatchery  
  17  0:55  Drone x2  
  18  1:10  Extractor  
  17  1:13  Spawning Pool  
  17  1:17  Drone x2  
  18  1:28  Drone  
  19  1:39  Overlord  
  19  2:03  Queen x2  
  23  2:11  Zergling x4  
  28  2:18  Metabolic Boost  
  31  2:48  Hatchery  
  34  3:02  Baneling Nest  
  32  3:06  Zergling x4  
  32  3:08  Overlord  
  33  3:24  Zergling x12  
  36  3:32  Lair  
  44  4:03  Baneling x2  
  45  4:37  Extractor x3  
  45  4:38  Overlord x2  
  44  4:45  Baneling x2  
  45  5:24  Roach Warren  
  50  5:35  Baneling  
  50  5:41  Hatchery  
  51  5:45  Evolution Chamber  
  44  5:50  Spine Crawler  
  47  6:06  Queen x2  
  54  6:21  Evolution Chamber  
  54  6:22  Baneling x2  
  53  6:32  Spire  
  54  6:44  Hatchery  
  53  6:47  Zerg Missile Weapons Level 1, Zerg Ground Armor Level 1, Glial Reconstitution  
  53  6:48  Roach x7  
  66  7:10  Roach  
  66  7:42  Spine Crawler  
  65  7:44  Roach x2  
  65  7:51  Baneling x2  
  93  8:00  Overseer  
  93  8:06  Ravager x4  
Spawning Tool Build Advisor. Get it on Overwolf

Analysis

123321

Go to:

Details

  • Created by: TwitchTOOS
  • Published on: Jul 24, 2018
  • Modified on: Jul 24, 2018
  • Patch: 4.0.0
Show
View Real Time Build Order
Export as new Build Order

Comments (0)

There are no comments. Be the first!

Create an account to comment!